NWL (28 & UNDER)
SAN DIEGO SMASHERS @ BALZAC RAMS
08/14/2023
 
TOP OF THE 1ST
San Diego Smashers batting - Pitching for Balzac Rams : RHP Andrew Barnard
Pitching: RHP Andrew Barnard
Batting: RHB Justin Burgess 0-0: Swinging Strike
0-1: Ground out 5-3 (Groundball, 5S)
Batting: RHB Cisco Gatán 0-0: Ball
1-0: Called Strike
1-1: Called Strike
1-2: Strikes out swinging
Batting: LHB António Glaviz 0-0: Swinging Strike
0-1: Foul Ball, location: 2F
0-2: Ground out 4-3 (Groundball, 4)
Top of the 1st over - 0 run(s), 0 hit(s), 0 error(s), 0 left on base; San Diego 0 - Balzac 0
BOTTOM OF THE 1ST
Balzac Rams batting - Pitching for San Diego Smashers : LHP Rob Greene
Pitching: LHP Rob Greene
Batting: RHB Thomas Christopher 0-0: Ball
1-0: SINGLE (Line Drive, 8RS)
Batting: RHB Tokuhei Kobayashi 0-0: Ball
1-0: Ball
2-0: Called Strike
2-1: DOUBLE (Line Drive, 78XD)
Thomas Christopher to third
Batting: RHB Kent O'Cloonan 0-0: Ball
1-0: Ball
2-0: Fly out, F7 (Line Drive, 7M)
Runner from 3rd tags up, SCORES, no throw
Batting: SHB Chris Bennis 0-0: Called Strike
0-1: Ball
1-1: Ball
2-1: Ball
3-1: Base on Balls
Batting: LHB José Berroa 0-0: Grounds into double play, 1-6-3 (Groundball, 25)
Bottom of the 1st over - 1 run(s), 2 hit(s), 0 error(s), 1 left on base; San Diego 0 - Balzac 1
TOP OF THE 2ND
San Diego Smashers batting - Pitching for Balzac Rams : RHP Andrew Barnard
Batting: LHB Bob Cunningham 0-0: SINGLE (Groundball, 2R) (infield hit)
Batting: RHB Miguel Moreno 0-0: Called Strike
0-1: Ball
1-1: Ball
2-1: Foul Ball, location: 2F
2-2: Ball
3-2: Base on Balls
Bob Cunningham to second
Batting: RHB Josh Richardson 0-0: Ball
1-0: Ball
2-0: Called Strike
2-1: Foul Ball, location: 2F
2-2: Grounds into double play, 5-4-3 (Groundball, 56)
Bob Cunningham to third
Batting: LHB Mario Olivares 0-0: Fly out, F7 (Flyball, 7M)
Top of the 2nd over - 0 run(s), 1 hit(s), 0 error(s), 1 left on base; San Diego 0 - Balzac 1
BOTTOM OF THE 2ND
Balzac Rams batting - Pitching for San Diego Smashers : LHP Rob Greene
Batting: RHB Dave Craig 0-0: Ball
1-0: Ball
2-0: Ball
3-0: Base on Balls
Batting: LHB Colt Pope 0-0: Ball
1-0: SINGLE (Groundball, 3L)
Dave Craig to second
Runner from 2nd tries for 3rd, SAFE, throw made to third
Batting: RHB Manuel Pérez 0-0: Grounds into double play, U4-3 (Groundball, 4)
Dave Craig scores
Batting: RHB Shawn Bane 0-0: Ball
1-0: Called Strike
1-1: Ball
2-1: Ball
3-1: Ground out 4-3 (Groundball, 4)
Bottom of the 2nd over - 1 run(s), 1 hit(s), 0 error(s), 0 left on base; San Diego 0 - Balzac 2
TOP OF THE 3RD
San Diego Smashers batting - Pitching for Balzac Rams : RHP Andrew Barnard
Batting: RHB Francisco Castillo 0-0: Ball
1-0: Ball
2-0: Foul Ball, location: 2F
2-1: Foul Ball, location: 2F
2-2: Foul Ball, location: 2F
2-2: Strikes out swinging
Batting: LHB Pedro Cruz 0-0: Ball
1-0: Called Strike
1-1: DOUBLE (Line Drive, 6D)
Batting: RHB Justin Burgess 0-0: Called Strike
0-1: Ball
1-1: SINGLE (Line Drive, 6MD)
Pedro Cruz to third
Runner from 3rd tries for Home, SAFE, no throw or cutoff
Batting: RHB Cisco Gatán 0-0: Grounds into double play, 5-4-3 (Groundball, 5)
Top of the 3rd over - 1 run(s), 2 hit(s), 0 error(s), 0 left on base; San Diego 1 - Balzac 2
BOTTOM OF THE 3RD
Balzac Rams batting - Pitching for San Diego Smashers : LHP Rob Greene
Batting: RHB Thomas Christopher 0-0: Called Strike
0-1: Called Strike
0-2: Ball
1-2: Strikes out swinging
Batting: RHB Tokuhei Kobayashi 0-0: Ground out 4-3 (Groundball, 4)
Batting: RHB Kent O'Cloonan 0-0: Called Strike
0-1: Swinging Strike
0-2: Strikes out swinging
Bottom of the 3rd over - 0 run(s), 0 hit(s), 0 error(s), 0 left on base; San Diego 1 - Balzac 2
TOP OF THE 4TH
San Diego Smashers batting - Pitching for Balzac Rams : RHP Andrew Barnard
Batting: LHB António Glaviz 0-0: Ball
1-0: Swinging Strike
1-1: Ball
2-1: Ground out 3-1 (Groundball, 34)
Batting: LHB Bob Cunningham 0-0: Ball
1-0: Ball
2-0: Ball
3-0: Called Strike
3-1: Base on Balls
Batting: RHB Miguel Moreno 0-0: Fielders Choice at 2nd, 6-4 (Groundball, 6M)
Batting: RHB Josh Richardson 0-0: Ball
1-0: Ball
2-0: Called Strike
2-1: Ball
3-1: Base on Balls
Miguel Moreno to second
Batting: LHB Mario Olivares 0-0: Ball
1-0: Foul Ball, location: 2F
1-1: Fielders Choice at 2nd, U6 (Groundball, 6M)
Top of the 4th over - 0 run(s), 0 hit(s), 0 error(s), 2 left on base; San Diego 1 - Balzac 2
BOTTOM OF THE 4TH
Balzac Rams batting - Pitching for San Diego Smashers : LHP Rob Greene
Batting: SHB Chris Bennis 0-0: Called Strike
0-1: Ground out 5-3 (Groundball, 56)
Batting: LHB José Berroa 0-0: Called Strike
0-1: Ground out 5-3 (Groundball, 56S)
Batting: RHB Dave Craig 0-0: Foul Ball, location: 2F
0-1: Ball
1-1: Called Strike
1-2: Ball
2-2: SINGLE (Flyball, 8LS)
Batting: LHB Colt Pope 0-0: Foul Ball, location: 2F
0-1: Foul Ball, location: 2F
0-2: Ball
1-2: Ball
2-2: Ball
3-2: Foul Ball, location: 2F
3-2: Foul Ball, location: 2F
3-2: Foul Ball, location: 2F
3-2: SINGLE (Groundball, 4)
Dave Craig to second
Dave Craig to third
Batting: RHB Manuel Pérez 0-0: Ball
1-0: Called Strike
1-1: Ground out 1-3 (Groundball, 34S)
Bottom of the 4th over - 0 run(s), 2 hit(s), 0 error(s), 2 left on base; San Diego 1 - Balzac 2
TOP OF THE 5TH
San Diego Smashers batting - Pitching for Balzac Rams : RHP Andrew Barnard
Batting: RHB Francisco Castillo 0-0: Ball
1-0: Ball
2-0: Ball
3-0: Base on Balls
Batting: LHB Pedro Cruz 0-0: Ball
1-0: Ball
2-0: SINGLE (Flyball, 89S)
Francisco Castillo to second
Runner from 2nd tries for 3rd, OUT!
Pedro Cruz to second
Batting: RHB Justin Burgess 0-0: Fly out, F8 (Flyball, 8LXD)
Runner from 2nd tags up, SAFE at 3rd, no throw
Batting: RHB Cisco Gatán 0-0: Swinging Strike
0-1: Foul Ball, location: 2F
0-2: Strikes out swinging
Top of the 5th over - 0 run(s), 1 hit(s), 0 error(s), 1 left on base; San Diego 1 - Balzac 2
BOTTOM OF THE 5TH
Balzac Rams batting - Pitching for San Diego Smashers : LHP Rob Greene
Batting: RHB Shawn Bane 0-0: Called Strike
0-1: Foul Ball, location: 2F
0-2: Ball
1-2: Ball
2-2: Fly out, F7 (Flyball, 78M)
Batting: RHB Thomas Christopher 0-0: DOUBLE (Line Drive, 7LM)
Batting: RHB Tokuhei Kobayashi 0-0: Ball
1-0: Ground out 3-1 (Groundball, 34S)
Thomas Christopher to third
Batting: RHB Kent O'Cloonan 0-0: Called Strike
0-1: Ball
1-1: Ball
2-1: Ground out 5-3 (Groundball, 5L)
Bottom of the 5th over - 0 run(s), 1 hit(s), 0 error(s), 1 left on base; San Diego 1 - Balzac 2
TOP OF THE 6TH
San Diego Smashers batting - Pitching for Balzac Rams : RHP Andrew Barnard
Batting: LHB António Glaviz 0-0: Ground out 6-3 (Groundball, 6)
Batting: LHB Bob Cunningham 0-0: Ball
1-0: Foul Ball, location: 2F
1-1: Foul Ball, location: 2F
1-2: Ball
2-2: Fly out, F3 (Line Drive, 3L)
Batting: RHB Miguel Moreno 0-0: Ball
1-0: Foul Ball, location: 2F
1-1: Called Strike
1-2: Ball
2-2: Foul Ball, location: 2F
2-2: Ball
3-2: Base on Balls
Batting: RHB Josh Richardson 0-0: Called Strike
0-1: Foul Ball, location: 2F
0-2: Ball
1-2: Foul Ball, location: 2F
1-2: Foul Ball, location: 2F
1-2: Ball
2-2: Ball
3-2: Strikes out swinging
Top of the 6th over - 0 run(s), 0 hit(s), 0 error(s), 1 left on base; San Diego 1 - Balzac 2
BOTTOM OF THE 6TH
Balzac Rams batting - Pitching for San Diego Smashers : LHP Rob Greene
Batting: SHB Chris Bennis 0-0: Foul Ball, location: 2F
0-1: Foul Ball, location: 2F
0-2: Ball
1-2: Ball
2-2: Ground out 4-3 (Groundball, 4M)
Batting: LHB José Berroa 0-0: Ball
1-0: Called Strike
1-1: Ball
2-1: Fly out, F9 (Flyball, 89M)
Batting: RHB Dave Craig 0-0: Called Strike
0-1: Ball
1-1: Foul Ball, location: 2F
1-2: Strikes out swinging
Bottom of the 6th over - 0 run(s), 0 hit(s), 0 error(s), 0 left on base; San Diego 1 - Balzac 2
TOP OF THE 7TH
San Diego Smashers batting - Pitching for Balzac Rams : RHP Andrew Barnard
Batting: LHB Mario Olivares 0-0: Ground out 5-3 (Groundball, 56S)
Batting: RHB Francisco Castillo 0-0: Ball
1-0: Ball
2-0: Ball
3-0: Called Strike
3-1: Foul Ball, location: 2F
3-2: Base on Balls
Batting: LHB Pedro Cruz 0-0: Called Strike
Francisco Castillo steals 2nd base
0-1: Ball
1-1: Foul Ball, location: 2F
1-2: Ball
2-2: Ball
3-2: Base on Balls
Pitching: RHP David Elías
Pinch Hitting: LHB Noriaki Sangi 0-0: Called Strike
0-1: Called Strike
0-2: Foul Ball, location: 2F
0-2: Ground out U3 (Groundball, 3L)
Francisco Castillo to third
Pedro Cruz to second
Batting: RHB Cisco Gatán 0-0: Ball
1-0: Called Strike
1-1: Called Strike
1-2: Ball
2-2: Fly out, F7 (Line Drive, 7M)
Top of the 7th over - 0 run(s), 0 hit(s), 0 error(s), 2 left on base; San Diego 1 - Balzac 2
BOTTOM OF THE 7TH
Balzac Rams batting - Pitching for San Diego Smashers : LHP Rob Greene
Now at SS: José González
Batting: LHB Colt Pope 0-0: Ball
1-0: Fly out, F8 (Popup, 6MD)
Batting: RHB Manuel Pérez 0-0: Swinging Strike
0-1: Called Strike
0-2: Ball
1-2: Strikes out looking
Batting: RHB Shawn Bane 0-0: Called Strike
0-1: Ball
1-1: Ball
2-1: Fly out, F7 (Flyball, 78D)
Bottom of the 7th over - 0 run(s), 0 hit(s), 0 error(s), 0 left on base; San Diego 1 - Balzac 2
TOP OF THE 8TH
San Diego Smashers batting - Pitching for Balzac Rams : RHP David Elías
Pitching: LHP Richard Dorris
Batting: LHB António Glaviz 0-0: Ball
1-0: Ball
2-0: DOUBLE (Flyball, 8LXD)
Pinch Hitting: SHB Yoshitoki Kouda 0-0: Ball
1-0: Called Strike
1-1: Ball
2-1: Ball
3-1: Called Strike
3-2: Strikes out looking
Pitching: RHP Ryan Stewart
Pinch Hitting: LHB Jeffrey Bascombe 0-0: Ball
1-0: Ball
2-0: Ball
3-0: Base on Balls
Batting: RHB Josh Richardson 0-0: Called Strike
0-1: Swinging Strike
0-2: Strikes out swinging
Pitching: LHP Tim Jenkins
Batting: LHB Mario Olivares 0-0: Ball
1-0: Fly out, F7 (Flyball, 7M)
Top of the 8th over - 0 run(s), 1 hit(s), 0 error(s), 2 left on base; San Diego 1 - Balzac 2
BOTTOM OF THE 8TH
Balzac Rams batting - Pitching for San Diego Smashers : LHP Rob Greene
Pitching: RHP Alberto Ortega
Now at 2B: Armando Cruz
Now in RF: Yoshitoki Kouda
Batting: RHB Thomas Christopher 0-0: Ball
1-0: Ball
2-0: Ball
3-0: Called Strike
3-1: Ground out 5-3 (Groundball, 15S)
Batting: RHB Tokuhei Kobayashi 0-0: Ball
1-0: Ball
2-0: Ground out 5-3 (Groundball, 5)
Batting: RHB Kent O'Cloonan 0-0: Ground out 6-3 (Groundball, 6)
Bottom of the 8th over - 0 run(s), 0 hit(s), 0 error(s), 0 left on base; San Diego 1 - Balzac 2
TOP OF THE 9TH
San Diego Smashers batting - Pitching for Balzac Rams : LHP Tim Jenkins
Pitching: RHP Shiki Kanno
Now at 1B: Ramón Torres
Batting: RHB Francisco Castillo 0-0: Called Strike
0-1: Ball
1-1: Foul Ball, location: 2F
1-2: Strikes out swinging
Batting: LHB Pedro Cruz 0-0: Ball
1-0: Called Strike
1-1: Swinging Strike
1-2: Ground out 4-3 (Groundball, 4M)
Batting: SHB José González 0-0: Ball
1-0: Fly out, F6 (Popup, 6MD)
Top of the 9th over - 0 run(s), 0 hit(s), 0 error(s), 0 left on base; San Diego 1 - Balzac 2
This league is powered by Out of the Park Baseball, the baseball management simulation game for PC, Mac and Linux
Wednesday, December 2nd, 2015 - OOTP Baseball 16.8 Build 38